 Dungeon Crawl Stone Soup version 0.19-a0-174-g09de571 (webtiles) character file.

6 Chemotherapy the Sneak (level 1, -6/9 HPs)
             Began as a Spriggan Enchanter on May 22, 2016.
             Mangled by a kobold
             ... wielding a +0 whip
              (7 damage)
             ... on level 1 of the Dungeon.
             The game lasted 00:01:23 (225 turns).

Chemotherapy the Sneak (Spriggan Enchanter)          Turns: 225, Time: 00:01:24

Health: -6/9       AC:  3    Str:  4    XL:     1   Next: 75%
Magic:  5/5        EV: 18    Int: 16    God:
Gold:   31         SH:  0    Dex: 16    Spells: 1 memorised, 4 levels left

rFire  . . .     SeeInvis +     a - +1 dagger
rCold  + . .     Gourm    .     b - +1 robe
rNeg   . . .     Faith    .     (shield restricted)
rPois  .         Spirit   .     (helmet restricted)
rElec  .         Dismiss  .     (no cloak)
rCorr  .         Reflect  .     (gloves unavailable)
SustAt .         Harm     .     (boots unavailable)
MR     .....                    (no amulet)
Stlth  +++.......               (no ring)
                                g - ring of protection from cold {rC+, !d}

@: very quick, not resistant to hostile enchantments, fairly stealthy
A: unfitting armour, see invisible, herbivore 3, speed 3, slow metabolism 2
a: no special abilities


You were on level 1 of the Dungeon.
You were not hungry.

You visited 1 branch of the dungeon, and saw 1 of its levels.

You collected 31 gold pieces.

Inventory:

Hand Weapons
 a - a +1 dagger (weapon)
Armour
 b - a +1 robe (worn)
Jewellery
 g - a ring of protection from cold (left hand) {rC+, !d}
   (You found it on level 1 of the Dungeon)
Scrolls
 e - a scroll of identify {unknown}
 f - a scroll of fog {unknown}
Books
 c - a book of Maledictions
Comestibles
 d - a bread ration {@e1}


   Skills:
 + Level 1.1 Short Blades
 - Level 3.0 Dodging
 + Level 4.9 Stealth
 - Level 2.6 Spellcasting
 * Level 3.8 Hexes


You had 4 spell levels left.
You knew the following spells:

 Your Spells              Type           Power        Failure   Level  Hunger
a - Corona                Hex            ##.....      4%          1    #......


Dungeon Overview and Level Annotations

Branches:
Dungeon (1/15)

Altars:


Innate Abilities, Weirdness & Mutations

You are tiny and cannot use many weapons and most armour.
You have supernaturally acute eyesight.
You are a herbivore.
You cover ground extremely quickly.
You need consume almost no food.


Message History

Found an escape hatch in the floor.
e - a scroll labeled PUMUXT SOWIOC
Found a stone staircase leading down.
There is an escape hatch in the floor here.
You now have 2 gold pieces.
You now have 15 gold pieces (gained 13).
You open the door.
A goblin comes into view.
A goblin is nearby!
A goblin is nearby!
There is an open door here.
The goblin shouts!
You closely miss the goblin. The goblin barely misses you.
You closely miss the goblin. The goblin hits you but does no damage.
You hit the goblin. The goblin completely misses you.
You barely miss the goblin. The goblin misses you.
You hit the goblin. The goblin misses you.
You hit the goblin.
You kill the goblin!
No target in view!
No target in view!
You open the door.
A bat comes into view.
There is an open door here.
The helpless bat fails to defend itself.
You impale the bat!!
You kill the bat!
No target in view!
There is an open door here.
You open the door.
There is an open door here.
f - a scroll labeled RAMNUMNISH A hobgoblin comes into view.
The helpless hobgoblin fails to defend itself.
You impale the hobgoblin!!
You kill the hobgoblin!
No target in view!
g - a sapphire ring Put on which piece of jewellery? (? for menu, Esc to quit)
g - a ring of protection from cold (left hand)
You open the door. You open the door.
There is an open door here.
You open the door.
There is an open door here.
Found a stone staircase leading down.
You now have 31 gold pieces (gained 16).
A giant newt comes into view.
A kobold comes into view. It is wielding a whip.
A giant gecko comes into view.
The kobold shouts!
The giant newt bites you but does no damage.
You hit the giant newt.
The giant newt bites you but does no damage.
You barely miss the giant newt. The giant newt barely misses you.
You closely miss the giant newt. The giant newt bites you.
The kobold closely misses you.
You take 1 damage, and have 8/9 hp.
You closely miss the giant newt. The giant newt barely misses you.
The kobold closely misses you.
You hit the giant newt.
You kill the giant newt!
The giant gecko closely misses you.
You completely miss the giant gecko.
The giant gecko bites you but does no damage.
The kobold completely misses you.
You completely miss the giant gecko. The giant gecko misses you.
The kobold closely misses you.
The giant gecko bites you but does no damage.
You hit the giant gecko. The kobold barely misses you.
The giant gecko closely misses you.
You hit the giant gecko. The kobold misses you.
The giant gecko barely misses you.
Health restored: 9 You closely miss the giant gecko.
The kobold barely misses you. The giant gecko bites you.
You take 2 damage, and have 7/9 hp.
MASSIVE DAMAGE!!
You barely miss the giant gecko. The giant gecko barely misses you.
The kobold barely misses you.
You barely miss the giant gecko. The giant gecko barely misses you.
The kobold completely misses you.
You hit the giant gecko.
You kill the giant gecko!
The kobold hits you with a whip.
You take 2 damage, and have 5/9 hp.
MASSIVE DAMAGE!!
You closely miss the kobold. The kobold hits you with a whip.
* * * LOW HITPOINT WARNING * * *
You take 4 damage, and have 1/9 hp.
MASSIVE DAMAGE!!
You hit the kobold. The kobold closely misses you.
You hit the kobold but do no damage. The kobold closely misses you.
You barely miss the kobold. You closely miss the kobold.
The kobold closely misses you.
You barely miss the kobold. The kobold closely misses you.
You closely miss the kobold. The kobold completely misses you.
You completely miss the kobold. The kobold hits you with a whip!
Ouch! That really hurt!
You die...

####### #.......###
####### ##.......#..
#.....# #>.......#.#
#.....#####........#.#
#.......(..........#.#
#...†..............#.#
##.@.............'.'
#.†K.............#.#
#..............###.#
#.?.+########+....)#
#...# #.....# #...#
#.....# #...# #.....#
#...# #.....# #...).#


You could see a kobold.

Vanquished Creatures
  A giant gecko (D:1)
  A goblin (D:1)
  A hobgoblin (D:1)
  A bat (D:1)
  A giant newt (D:1)
5 creatures vanquished.

Notes
Turn   | Place    | Note
--------------------------------------------------------------
     0 | D:1      | Chemotherapy the Spriggan Enchanter began the quest for the Orb.
     0 | D:1      | Reached XP level 1. HP: 9/9 MP: 5/5
   218 | D:1      | HP: 1/9 [kobold/whip (4)]
   225 | D:1      | Mangled by a kobold

Vault maps used:
D:1:      nagdon_arrival_zigzag_paths, minivault_11

Action                   || total
-------------------------++-------
Melee: Dagger            ||    29
 Stab: Sleeping          ||     2
Armor: Robe              ||     5
Dodge: Dodged            ||    26

Vault maps used:
D:1:      nagdon_arrival_zigzag_paths, minivault_11

Table legend:
 A = Turns spent in this place as a percentage of turns spent in the entire game.
 B = Non-inter-level travel turns spent in this place as a percentage of non-inter-level travel turns spent in the entire game.
 C = Inter-level travel turns spent in this place as a percentage of turns spent in this place.
 D = Turns resting spent in this place as a percentage of non-inter-level travel turns spent in this place.
 E = Turns spent auto-exploring this place as a percentage of non-inter-level travel turns spent in this place.
 F = Non-inter-level travel turns spent in this place divided by the number of levels of this place that you've seen.
                   A       B       C       D       E      F
               +-------+-------+-------+-------+-------+----------------------
         Total | 100.0 | 100.0 |   0.0 |   0.0 |  14.1 |  64.0
       Dungeon | 100.0 | 100.0 |   0.0 |   0.0 |  14.1 |  64.0
               +-------+-------+-------+-------+-------+----------------------

Table legend:
 A = Kills in this place as a percentage of kills in entire the game.
 B = Kills by you in this place as a percentage of kills by you in the entire game.
 C = Kills by friends in this place as a percentage of kills by friends in the entire game.
 D = Other kills in this place as a percentage of other kills in the entire game.
 E = Experience gained in this place as a percentage of experience gained in the entire game.
 F = Experience gained in this place divided by the number of levels of this place that you have seen.
                   A       B       C       D       E      F
               +-------+-------+-------+-------+-------+----------------------
         Total | 100.0 | 100.0 |  -nan |  -nan | 100.0 |   9.0
       Dungeon | 100.0 | 100.0 |  -nan |  -nan | 100.0 |   9.0
               +-------+-------+-------+-------+-------+----------------------
